Map: Odyssey LE

Players

Juxtapose - Winner!

  • Race: Zerg Zerg
  • League: Gold
  • Spawn Location: 5:00

JoeSaol

  • Race: Terran Terran
  • League: Gold
  • Spawn Location: 11:00

VOD

https://youtu.be/kArShswoLJw

Description

I found it interesting that my opponent informed me that he was delayed by about 8 seconds at the game's start. I'm not sure if he really was or if that was some kind of psychological mental defence on his part.

I also didn't have the heart to tell him how I messed up my very early game either, far worse than he thinks he messed up his own!

Time

  • Played on: Jan. 1, 2018, 10:13 a.m.
  • Length: 12:56
Show
View Real Time Build Order
Export as new Build Order

Juxtapose Zerg - Winner!

Build Orders: Hatch First 

Get SALT Encoding   

  12  0:01  Drone  
  13  0:09  Drone  
  14  0:21  Overlord  
  14  0:40  Drone x2  
  16  0:50  Hatchery  
  16  0:55  Drone  
  16  0:59  Extractor  
  16  1:02  Drone  
  16  1:14  Spawning Pool  
  16  1:17  Drone  
  16  1:25  Overlord  
  16  1:30  Drone  
  17  1:36  Drone  
  18  1:53  Drone  
  19  2:02  Drone x2  
  19  2:06  Queen  
  19  2:07  Extractor  
  22  2:08  Zergling x2  
  23  2:16  Zergling x2  
  24  2:27  Zergling x4  
  26  2:30  Queen  
  26  2:33  Drone  
  29  2:39  Drone x2  
  31  2:50  Drone x2  
  32  3:02  Drone x2  
  34  3:07  Drone  
  35  3:14  Overlord  
  35  3:19  Queen, Roach Warren  
  36  3:24  Evolution Chamber, Drone  
  36  3:32  Overlord  
  36  3:35  Drone  
  37  3:45  Drone x3  
  37  3:46  Drone x2  
  42  3:52  Overlord  
  42  4:07  Drone x4  
  46  4:19  Lair  
  46  4:20  Roach x3  
  46  4:21  Roach  
  54  4:24  Roach  
  54  4:29  Drone  
  54  4:30  Drone  
  58  4:33  Extractor  
  58  4:35  Extractor  
  58  4:36  Roach x2  
  60  4:41  Zerg Missile Weapons Level 1  
  60  4:52  Overlord x2  
  60  5:08  Overlord  
  60  5:10  Queen  
  62  5:16  Roach x4, Drone  
  62  5:17  Drone  
  72  5:30  Roach x3  
  72  5:31  Roach x2  
  72  5:32  Ravager  
  72  5:33  Ravager  
  84  5:35  Overlord  
  84  5:41  Glial Reconstitution  
  84  5:48  Overlord  
  84  5:56  Overseer  
  84  5:57  Overseer  
  84  5:59  Drone x4  
  88  6:15  Ravager  
  88  6:17  Roach  
  88  6:18  Roach x3  
  97  6:24  Hydralisk Den  
  96  6:29  Drone x2  
  96  6:30  Roach  
  100  6:35  Zerg Ground Armor Level 1  
  100  6:46  Overlord x2  
  100  7:00  Muscular Augments  
  100  7:04  Overlord  
  100  7:05  Overlord  
  100  7:06  Hydralisk x6  
  112  7:18  Hydralisk x2  
  108  7:35  Hydralisk x6  
  108  7:36  Hydralisk  
  117  7:51  Hatchery  
  117  7:56  Hydralisk x3  
  122  8:09  Spore Crawler  
  122  8:12  Spore Crawler  
  120  8:23  Hydralisk  
  120  8:24  Hydralisk x3  
  128  8:29  Zerg Missile Weapons Level 2  
  122  8:39  Drone x3  
  122  8:40  Drone x2  
  127  8:44  Hydralisk x2  
  131  9:04  Drone  
  114  9:28  Hydralisk x2  
  114  9:29  Hydralisk x2  
  114  9:30  Roach x5  
  114  9:31  Roach x3  
  108  9:55  Hydralisk x5  
  108  9:56  Drone x3  
  119  10:27  Pneumatized Carapace  
  119  10:28  Hydralisk x2  
  119  10:29  Roach x5  
  119  10:30  Roach x2  
  119  10:35  Infestation Pit  
  136  10:45  Spore Crawler  
  135  10:56  Ravager  
  136  10:57  Roach  
  138  11:05  Overlord x3  
  138  11:21  Extractor  
  137  11:28  Ravager x2  
  137  11:32  Roach x5  
  149  11:34  Extractor  
  148  11:42  Hydralisk x4  
  116  12:14  Hydralisk x3  
  116  12:15  Hydralisk  
  120  12:16  Roach x3  
Show
View Real Time Build Order
Export as new Build Order

JoeSaol Terran 

Build Orders: Hellion Opening, Mech 

Get SALT Encoding   

  12  0:08  SCV  
  13  0:19  Supply Depot  
  13  0:20  SCV  
  14  0:30  Refinery  
  14  0:32  SCV  
  15  0:47  Barracks  
  15  0:48  SCV  
  16  1:00  SCV  
  17  1:12  SCV  
  18  1:24  SCV  
  19  1:38  Orbital Command  
  19  1:50  Command Center  
  19  1:52  Marine  
  20  2:06  Factory  
  20  2:09  SCV  
  20  2:12  Marine  
  22  2:21  Supply Depot  
  22  2:24  SCV  
  22  2:28  Refinery  
  23  2:30  Barracks Reactor  
  23  2:42  SCV  
  24  2:44  Supply Depot  
  24  2:54  SCV  
  25  3:02  Orbital Command  
  25  3:14  Hellion x2  
  29  3:21  Supply Depot  
  29  3:28  SCV x2  
  31  3:36  Hellion x2  
  35  3:42  SCV x2  
  37  3:54  SCV  
  38  3:57  Hellion x2  
  38  3:59  Armory, SCV  
  43  4:06  SCV  
  44  4:11  SCV  
  45  4:18  SCV, Hellion x2  
  45  4:24  SCV  
  51  4:28  Supply Depot  
  51  4:31  SCV  
  52  4:38  SCV  
  52  4:43  SCV  
  54  4:47  Command Center  
  54  4:50  SCV  
  54  4:51  Supply Depot  
  55  4:53  Barracks Tech Lab  
  55  4:55  Starport, SCV  
  55  4:56  Factory  
  56  5:02  SCV  
  57  5:07  SCV  
  58  5:15  SCV  
  58  5:19  SCV  
  60  5:29  Refinery  
  60  5:30  Refinery  
  60  5:35  Starport  
  60  5:38  Cyclone x2, Barracks Tech Lab  
  60  5:41  Cloaking Field, Banshee  
  69  5:47  Factory Tech Lab  
  69  5:49  SCV x2  
  71  6:00  Engineering Bay  
  71  6:01  SCV x2  
  71  6:04  Orbital Command  
  73  6:10  Cyclone x2  
  79  6:13  SCV  
  80  6:21  Siege Tank  
  80  6:22  SCV  
  80  6:25  SCV  
  85  6:26  Banshee  
  85  6:27  Banshee  
  85  6:31  SCV  
  92  6:34  SCV  
  93  6:41  Supply Depot  
  93  6:42  Supply Depot  
  93  6:44  Hyperflight Rotors  
  93  6:52  SCV x3  
  96  6:56  Supply Depot  
  96  6:57  Supply Depot x2  
  96  7:04  SCV x3  
  99  7:09  Supply Depot  
  99  7:12  Refinery  
  99  7:13  Refinery  
  99  7:16  SCV x3  
  102  7:28  SCV  
  103  7:36  SCV x2  
  105  7:40  SCV  
  106  7:47  Siege Tank  
  106  7:48  Cyclone x2  
  106  7:50  Terran Vehicle Weapons Level 1  
  115  7:51  Factory, Armory  
  115  7:53  SCV x2  
  115  7:54  Armory  
  114  8:33  Factory  
  114  8:34  Factory  
  114  8:35  Cyclone x2, Siege Tank  
  117  8:45  Supply Depot  
  117  8:47  Supply Depot  
  116  9:07  Cyclone, Siege Tank  
  114  9:28  Hellion x2  
  70  9:39  Hellion  
  70  9:40  Hellion  
  68  9:49  Hellion x2  
  71  10:00  Hellion  
  72  10:07  Command Center  
  72  10:10  Factory  
  72  10:12  SCV x2  
  74  10:17  Cyclone x2  
  74  10:18  Terran Ship Weapons Level 1  
  74  10:19  Command Center, Terran Vehicle Weapons Level 2  
  80  10:22  Terran Vehicle And Ship Armor Level 1  
  80  10:24  Supply Depot, SCV  
  80  10:26  Supply Depot  
  81  10:41  Refinery  
  81  10:43  Siege Tank  
  81  10:44  Factory Tech Lab  
  81  10:45  Starport Reactor  
  84  10:53  Hellbat x2  
  84  10:55  Supply Depot  
  87  11:06  Siege Tank  
  90  11:11  Siege Tank  
  90  11:15  Siege Tank  
  90  11:17  Supply Depot, SCV  
  90  11:18  SCV  
  98  11:29  Banshee  
  84  12:00  Hellion x5  
  62  12:21  Hellion x3  
  62  12:22  Hellion  
Tags
 
Composition
Mech
League
GoldGold
Matchup
TvZ
Spawn Locations
Cross Positions
Add a new tag
Caveats
  • Supply blocks, unpowered buildings, or Contaminate may cause inaccurate times.
  • Supply counts are checked every 10 seconds.